[Event "Early-Titled-Tuesday-Blitz-February-27-2024"]
[Site "Chess.com"]
[Date "2024.02.27"]
[Round "7"]
[White "Kirill_Klukin"]
[Black "edgarhay012"]
[Result "0-1"]
[WhiteElo "2837"]
[BlackElo "2648"]
[TimeControl "180+1"]
[EndTime "9:17:26 PST"]
[Termination "edgarhay012 won on time"]

1. d4 Nf6 2. Nf3 e6 3. e3 d5 4. Bd3 c5 5. O-O c4 6. Be2 Nc6 7. b3 cxb3 8. axb3 Bd6 9. Bb2 O-O 10. c4 b6 11. Nc3 Bb7 12. cxd5 exd5 13. Nb5 Bb8 14. Ne5 a6 15. Na3 Re8 16. f4 Ne4 17.
Bd3 f6 18. Bxe4 dxe4 19. Nxc6 Bxc6 20. Qd2 Bd5 21. Nc4 b5 22. Na5 Bd6 23. Rfc1 Qd7 24.
Bc3 Rec8 25. Bb4 Bc7 26. Qb2 Bd8 27. h3 Qf7 28. Rxc8 Rxc8 29. Bc5 g5 30. fxg5 fxg5 31. Rf1 Bf6 32. Qf2 Kg7 33. Qg3 Qe6 34. Bd6 Re8 35. Rc1 Kg6 36. Rc5 Rc8 37. b4 Rxc5 38. Bxc5 h5 39. Qc7 g4 40. Qg3 Qf5 41. hxg4 Qxg4 42. Qxg4+ hxg4 43. Kf2 Kf5 44. Bd6 Bg5 45. Bc5 Bd8 46. Ke2 g3 47. Ke1 Kg4 48. Ke2 Bg5 49.
Bd6 Bh4 50. Bc5 Kf5 51. Bd6 Ke6 52. Bc5 Kd7 53. Ke1 Kc7 54. Ke2 Be6 55. Ke1 Bg5 56. Kd2 Bh3 0-1

[Event "Early-Titled-Tuesday-Blitz-February-27-2024"]
[Site "Chess.com"]
[Date "2024.02.27"]
[Round "7"]
[White "nihalsarin"]
[Black "Sina_Movahed"]
[Result "0-1"]
[WhiteElo "3178"]
[BlackElo "2951"]
[TimeControl "180+1"]
[EndTime "9:17:28 PST"]
[Termination "Sina_Movahed won by resignation"]

1. e4 c5 2. Nc3 d6 3. d4 cxd4 4. Qxd4 Nc6 5. Qd3 Nf6 6. h3 g6 7. Nf3 Bg7 8. Be2 O-O 9. O-O Be6 10. Ng5 Bd7 11. Nd5 Rc8 12. c3 Ne5 13. Qg3 Bc6 14.
Rd1 Re8 15. Bf4 Bxd5 16. exd5 h6 17. Bxe5 dxe5 18. Nf3 Nh5 19. Qh4 Nf4 20. Bb5 Rf8 21. g3 g5 22. Nxg5 hxg5 23. Qg4 f5 24. Qf3 Nxh3+ 25. Kg2 g4 26. Qe2 Qb6 27. Bd7 Rcd8 28.
Be6+ Kh7 29. f3 Ng5 30. Rh1+ Kg6 31. fxg4 Nxe6 32. gxf5+ Rxf5 33. dxe6 Qc6+ 34. Kg1 Qf3 35. Qxf3 Rxf3 36. Kg2 Rfd3 37. Rh4 Bf6 38. Rb4 Rd2+ 39. Kf3 R8d3+ 40. Ke4 Rxg3 41. Rxb7 Bg5 42. Re1 Kf6 43.
Rxa7 Rxb2 44. Kd5 Rd2+ 45. Kc4 Rd6 46. Rc7 Rxe6 47. a4 e4 48. a5 Bd2 49. Rf1+ Rf3 50. Rc8 Kf7 51. Rxf3+ exf3 52. Rh8 f2 53. Rh7+ Ke8 54.
Rh8+ Kd7 55. Rf8 Rf6 0-1

[Event "Early-Titled-Tuesday-Blitz-February-27-2024"]
[Site "Chess.com"]
[Date "2024.02.27"]
[Round "7"]
[White "ural58"]
[Black "GeorgiosSouleidis"]
[Result "1-0"]
[WhiteElo "2496"]
[BlackElo "2702"]
[TimeControl "180+1"]
[EndTime "9:17:30 PST"]
[Termination "ural58 won on time"]

1. e4 c5 2. b3 e6 3. Bb2 a6 4. d4 cxd4 5. Qxd4 Nc6 6. Qd2 Nf6 7. Nc3 d5 8. exd5 exd5 9. O-O-O Be6 10. Nf3 Bb4 11.
a3 Ne4 12. Qe3 Nxc3 13. Bxc3 Bxa3+ 14. Kb1 O-O 15. Bd3 Bb4 16. Bb2 Be7 17. h4 Bf6 18.
Ng5 Bxb2 19. Bxh7+ Kh8 20. Kxb2 Qf6+ 21. Kb1 Rae8 22. Qg3 Nd4 23. Bd3 Bf5 24. Bxf5 Nxf5 25. Qf4 Rd8 26. g4 Nh6 27. Qg3 Qd6 28. Qxd6 Rxd6 29.
f3 f6 30. Nh3 Re8 31. Nf4 d4 32. Rd3 Nf7 33. Rhd1 Ne5 34. Rxd4 Rxd4 35. Rxd4 Nxf3 36. Rd7 Nxh4 37. Rxb7 Re4 38. Nh5 Rxg4 39. Ra7 Rg5 40. Nf4 a5 41. Ne6 Rg1+ 42. Kb2 g5 43. Rxa5 g4 44. Rh5+ Kg8 45. Rxh4 Kf7 46. Nf4 f5 47. b4 Kf6 48. Nd3 Kg5 49. Rh8 g3 50. b5 Kg4 51. Rg8+ Kf3 52. b6 Rh1 53. Ne5+ Ke4 54. b7 g2 55. b8=Q g1=Q 56. Rxg1 Rxg1 57. Nc4 1-0

[Event "Early-Titled-Tuesday-Blitz-February-27-2024"]
[Site "Chess.com"]
[Date "2024.02.27"]
[Round "7"]
[White "db-banana"]
[Black "ukchessbomber"]
[Result "1-0"]
[WhiteElo "2501"]
[BlackElo "2635"]
[TimeControl "180+1"]
[EndTime "9:17:30 PST"]
[Termination "db-banana won by resignation"]

1. e4 a6 2. d4 b6 3. Nc3 d6 4. h3 Bb7 5. g4 e6 6. Bg2 g6 7. Be3 h6 8. Qd2 Bg7 9. Nge2 Nd7 10. O-O Ne7 11. f4 f5 12. d5 exd5 13. exf5 gxf5 14. Nxd5 Nxd5 15. Bxd5 Bxd5 16. Qxd5 Nf6 17. Qc6+ Kf7 18. Nd4 fxg4 19. hxg4 Re8 20. Bf2 Ne4 21. Qd5+ Kf8 22.
Ne6+ Rxe6 23. Qxe6 Nxf2 24. Rxf2 Qe8 25. Re2 Qc6 26.
Rae1 Qc5+ 27. Kh2 a5 28. c3 a4 29. Qe4 d5 30. Qe7+ Qxe7 31. Rxe7 a3 32. bxa3 Bxc3 33. R1e2 d4 34. Rxc7 d3 35. Re3 Rd8 36. Rxc3 d2 37.
Red3 d1=Q 38. Rxd1 Rxd1 39. Rc2 Rd3 40. Rb2 Rxa3 41.
Rxb6 Rxa2+ 42. Kg3 Kg7 43. Rb7+ Kg6 44. Rb6+ Kg7 45.
f5 Ra4 46. Kh4 Re4 47. Rb7+ Kf6 48. Kh5 Re1 49. Rb6+ Kg7 50. Rg6+ Kf7 51. Kxh6 Rf1 52. Kg5 Re1 53. Ra6 Re7 54. Rf6+ Kg7 55. Rg6+ Kf7 56. Rh6 Re2 57. Rh7+ Kf8 58. Ra7 Rc2 59. Kg6 Rc8 60.
f6 Kg8 61. Rg7+ Kh8 62. Rh7+ Kg8 63. f7+ 1-0

[Event "Early-Titled-Tuesday-Blitz-February-27-2024"]
[Site "Chess.com"]
[Date "2024.02.27"]
[Round "7"]
[White "Juicy_Fork"]
[Black "BilicVladimir"]
[Result "0-1"]
[WhiteElo "2527"]
[BlackElo "2687"]
[TimeControl "180+1"]
[EndTime "9:17:31 PST"]
[Termination "BilicVladimir won on time"]

1. e4 e6 2. d4 d5 3. Nc3 Nf6 4.
Bg5 Bb4 5. e5 h6 6. Bd2 Bxc3 7.
bxc3 Ne4 8. Qg4 Kf8 9. Bd3 Nxd2 10. Kxd2 c5 11. Nf3 cxd4 12. cxd4 Nc6 13. Rhd1 Bd7 14.
Ke2 Na5 15. Kf1 a6 16. Kg1 Rc8 17. Nh4 Qg5 18. Qh3 Nc4 19. Kh1 Nb2 20. f4 Nxd1 21.
Rxd1 Qe7 22. f5 exf5 23. Bxf5 Bxf5 24. Nxf5 Qe6 25. Qa3+ Kg8 26. Ne7+ Kh7 27. Qd3+ g6 28. Nxc8 Rxc8 29. Rf1 Kg7 30. c3 Rc6 31. h3 Qe7 32. Qf3 Qd7 33. Qe3 b5 34. a3 Qe7 35.
Qf3 Qe6 36. Qg3 Qe7 37. Qf3 Qe6 38. Rf2 Rc4 39. Qg3 Rc6 40. Rf6 Qe8 41. Qf4 Re6 42.
Qf3 Qd7 43. Kh2 a5 44. Qf4 Qe7 45. Qf3 Rxf6 46. exf6+ Qxf6 47. Qxd5 Qf4+ 48. g3 Qd2+ 49. Qg2 Qxc3 50. d5 Qd4 51. Qf3 b4 52. axb4 axb4 53. h4 h5 54. Qb3 Qc3 55. Qa4 b3 56. d6 b2 57. d7 Qd2+ 58. Kh3 b1=Q 0-1

[Event "Early-Titled-Tuesday-Blitz-February-27-2024"]
[Site "Chess.com"]
[Date "2024.02.27"]
[Round "7"]
[White "Tugrik1969"]
[Black "ricaurtelopezj1955"]
[Result "0-1"]
[WhiteElo "2370"]
[BlackElo "2180"]
[TimeControl "180+1"]
[EndTime "9:17:32 PST"]
[Termination "ricaurtelopezj1955 won on time"]

1. d4 d5 2. c4 e6 3. Nf3 c5 4.
cxd5 exd5 5. g3 Nc6 6. Bg2 Nf6 7.
O-O Be7 8. dxc5 Bxc5 9. a3 O-O 10. b4 Bb6 11. Nc3 h6 12. Bb2 Re8 13. Na4 Bg4 14. Rc1 Ne4 15. Nxb6 axb6 16. Nd4 Nxd4 17. Qxd4 Nf6 18. e3 Be2 19. Rfe1 Bc4 20. e4 b5 21. e5 Ne4 22. e6 f6 23. Bh3 Ng5 24. Bg4 Qd6 25. h4 Nxe6 26. Qd2 Nf8 27. Bh5 Re7 28. Rxe7 Qxe7 29. Re1 Qd7 30. Qd4 Qf5 31. Bg4 Qc2 32.
Bf3 Qd3 33. Bxd5+ Kh8 34. Qxd3 Bxd3 35. Bxb7 Rb8 36. Bd5 Bc4 37. Bc6 Ng6 38. f4 Rd8 39. Re8+ Rxe8 40. Bxe8 Ne7 41. Kf2 Nd5 42. Kf3 Kg8 43.
Bg6 Kf8 44. Ke4 Ke7 45. Kd4 Kd6 46. Bf5 Nb6 47. Be4 Na4 48. Bc1 g6 49. Bxg6 Be6 50. Be4 f5 51. Bf3 Bd7 52. Be2 Nb6 0-1

[Event "Early-Titled-Tuesday-Blitz-February-27-2024"]
[Site "Chess.com"]
[Date "2024.02.27"]
[Round "7"]
[White "Onischuk_V"]
[Black "ChessLover0108"]
[Result "0-1"]
[WhiteElo "2796"]
[BlackElo "2966"]
[TimeControl "180+1"]
[EndTime "9:17:33 PST"]
[Termination "ChessLover0108 won on time"]

1. e4 c5 2. Nf3 d6 3. d4 cxd4 4. Nxd4 Nf6 5. Nc3 a6 6. a4 Nc6 7.
Nxc6 bxc6 8. a5 g6 9. Bc4 Qc7 10. Be3 Bg7 11. Bb6 Qb7 12. e5 Nd7 13. exd6 Nxb6 14.
axb6 O-O 15. O-O exd6 16. Qxd6 Qxb6 17. Na4 Qd8 18. Qxc6 Bd7 19. Qd5 Qc7 20. Nb6 Qxb6 21. Qxd7 Qxb2 22. Ra2 Qc3 23. Bb3 a5 24. Rd1 Bf6 25.
g3 Rad8 26. Qg4 Rxd1+ 27. Qxd1 Re8 28. Qd7 Qe1+ 29. Kg2 Qe4+ 30. Kh3 Re7 31. Qg4 Qe1 32. Kg2 Bc3 33. Ra4 Bb4 34. Qf3 Kg7 35. h4 h5 36.
Qf4 Qc3 37. Qf3 Qe5 38. Ra2 Qd4 39. Ra4 Qc5 40. Qd5 Qc7 41. Ra1 Qc3 42. Rd1 Qf6 43. Qf3 Qxf3+ 44. Kxf3 Ra7 45. Ra1 Bc3 46. Ra4 Rd7 47.
Ke4 Rd2 48. Kf3 Bd4 49. Ke4 Bxf2 50. Rxa5 Bxg3 51. Ra7 Rf2 52. c4 Rf4+ 53. Ke3 Rf5 54. Kd3 Bxh4 55. Rc7 Bf2 56. Rc8 h4 0-1

[Event "Early-Titled-Tuesday-Blitz-February-27-2024"]
[Site "Chess.com"]
[Date "2024.02.27"]
[Round "7"]
[White "HajiyevKanan"]
[Black "martinmena"]
[Result "1-0"]
[WhiteElo "2534"]
[BlackElo "2254"]
[TimeControl "180+1"]
[EndTime "9:17:33 PST"]
[Termination "HajiyevKanan won by checkmate"]

1. d4 d5 2. Nf3 Nf6 3. c4 e6 4. cxd5 exd5 5. Nc3 Be7 6. Qc2 O-O 7. Bf4 c6 8. e3 Nbd7 9. Bd3 Re8 10. O-O Nf8 11. h3 Bd6 12. Rab1 Bxf4 13. exf4 a5 14. Rfe1 Rxe1+ 15. Rxe1 Qd6 16. Ne5 Ne6 17. Ne2 Bd7 18. Rc1 Qb4 19.
Bxh7+ Nxh7 20. Nxd7 Nxd4 21. Nxd4 Qxd4 22. g3 Re8 23. Nc5 Re7 24. Nb3 Qb6 25. a4 Nf6 26. Qc5 Qxc5 27. Rxc5 Re1+ 28. Kg2 Re2 29. Rxa5 Ne4 30.
Ra7 Rxf2+ 31. Kg1 Rxb2 32. Rxb7 d4 33. a5 d3 34. a6 Ra2 35. a7 d2 36. Nxd2 Nxd2 37. Rb8+ Kh7 38. a8=Q Rxa8 39. Rxa8 c5 40. Rc8 c4 41. Kf2 c3 42. Ke2 Ne4 43. g4 g6 44.
Ke3 Nf6 45. Kd4 c2 46. Rxc2 Kg7 47. Rc7 g5 48. fxg5 Ne8 49. Re7 Nd6 50. Kd5 Nb5 51.
h4 Nc3+ 52. Ke5 Ne2 53. h5 Ng3 54. g6 Kg8 55. Rxf7 Ne2 56. Kf6 Ng3 57. h6 Nh5+ 58. Kg5 Ng7 59. Rxg7+ Kf8 60. Kf6 Ke8 61. h7 Kf8 62.
h8=Q# 1-0

[Event "Early-Titled-Tuesday-Blitz-February-27-2024"]
[Site "Chess.com"]
[Date "2024.02.27"]
[Round "7"]
[White "SaiAgni_98"]
[Black "eightbyeightchess"]
[Result "0-1"]
[WhiteElo "2551"]
[BlackElo "2425"]
[TimeControl "180+1"]
[EndTime "9:17:34 PST"]
[Termination "eightbyeightchess won on time"]

1. e4 e6 2. d4 d5 3. exd5 exd5 4. Bd3 Nf6 5. Qf3 Bg4 6. Qe3+ Be7 7. h3 Bh5 8. Nf3 O-O 9. O-O c5 10. c3 Nc6 11.
Ne5 cxd4 12. cxd4 Re8 13. Nc3 Qb6 14. Nxc6 bxc6 15. Qf4 Bg6 16. Bxg6 hxg6 17. b3 Nh5 18. Qg4 Bf6 19. Be3 Qb4 20. Na4 Re4 21. Qd7 Bxd4 22.
Bxd4 Rxd4 23. Qxc6 Rd8 24. Rad1 Nf4 25. Qc7 Ne6 26. Qc2 Rxd1 27. Rxd1 d4 28. Qd2 Qb7 29. Nb2 Nc5 30. Nc4 Ne4 31. Qf4 d3 32. Kh1 f5 33.
Qe3 d2 34. f3 Rd3 35. Qg1 Ng3+ 36. Kh2 Ne2 37. Qf2 Qc7+ 38. Kh1 Ng3+ 39. Kg1 f4 40. Rxd2 Rxd2 41. Qxd2 Qc5+ 42. Qf2 Qf5 43. Nd2 Qc2 44. Nf1 Qd1 45. h4 Kh7 46. b4 Kh6 47. a3 Kh5 48. Qc5+ Kxh4 49. Qe7+ g5 0-1

[Event "Early-Titled-Tuesday-Blitz-February-27-2024"]
[Site "Chess.com"]
[Date "2024.02.27"]
[Round "7"]
[White "krzyzan94"]
[Black "Pelusiansky"]
[Result "1-0"]
[WhiteElo "2795"]
[BlackElo "2597"]
[TimeControl "180+1"]
[EndTime "9:17:35 PST"]
[Termination "krzyzan94 won on time"]

1. Nf3 d5 2. g3 e6 3. Bg2 Nf6 4. O-O Be7 5. c4 O-O 6. b3 b6 7. cxd5 exd5 8. d4 Bb7 9. Nc3 Nbd7 10. Bf4 c6 11. Rc1 Re8 12. Rc2 Nh5 13. Bd2 Bf8 14. Re1 Nhf6 15. Bf4 Nh5 16. Bg5 Nhf6 17. e4 h6 18. Bxf6 Nxf6 19. e5 Nh7 20. Nh4 Bc8 21. Qd3 Ng5 22. Qf1 a5 23. f4 Ne6 24.
Ne2 Ba6 25. Nf3 c5 26. Qf2 Bd3 27. Rcc1 a4 28. Qe3 Bxe2 29. Qxe2 axb3 30. axb3 cxd4 31. f5 d3 32. Qxd3 Nc5 33. Qd1 Ne4 34. Nd4 Bc5 35. e6 Qf6 36. Bxe4 Qxd4+ 37. Qxd4 Bxd4+ 38. Kg2 dxe4 39. Rxe4 Bf6 40. Rc6 fxe6 41. fxe6 Rab8 42. h4 Rb7 43. Kh3 b5 44. Kg4 b4 45. Kf5 Bc3 46. Kg4 Rbe7 47. h5 Kh7 48. Kh3 Rf8 49. Kg4 Rf6 50. Rb6 Rf1 51. Rc6 Rb1 52. Rc8 Re1 53. Rxe1 Bxe1 54. Rc6 g6 55. Kf4 Kg7 56. g4 Kf6 57. hxg6 Rxe6 58.
g7 Bd2+ 59. Kf3 1-0

[Event "Early-Titled-Tuesday-Blitz-February-27-2024"]
[Site "Chess.com"]
[Date "2024.02.27"]
[Round "7"]
[White "davigator"]
[Black "malakismayil"]
[Result "0-1"]
[WhiteElo "2403"]
[BlackElo "2630"]
[TimeControl "180+1"]
[EndTime "9:17:35 PST"]
[Termination "malakismayil won on time"]

1. e4 e5 2. Nf3 Nc6 3. Bc4 Bc5 4. c3 Nf6 5. d3 h6 6. Nbd2 O-O 7. O-O d6 8. h3 a6 9. Re1 b5 10. Bb3 Re8 11. a4 Rb8 12. axb5 axb5 13. Nf1 Be6 14.
Bc2 Bb6 15. d4 exd4 16. cxd4 d5 17. e5 Nd7 18. Qd3 Nf8 19. Bd2 Ne7 20. Qb3 c5 21. dxc5 Bxc5 22. Bb4 d4 23. Qa3 Bb6 24. Bd6 Rc8 25.
Bd3 Bc4 26. N1d2 Ne6 27. Bc2 Ng6 28. Bxg6 fxg6 29. Re4 Bd5 30. Rg4 Ra8 31. Rxg6 Rxa3 32.
bxa3 Qd7 33. Nh4 Qf7 34. Rg4 d3 35. Nhf3 Nf4 36. Rb1 Ne2+ 37. Kf1 Nc3 38. Rc1 Ne2 39. Rb1 Be6 40. Rgb4 Bd7 41. a4 Nc3 42. Ra1 Ba5 43.
Rd4 Nxa4 44. Rxd3 Bc3 45. Rb1 Bxd2 46. Rxd2 Bc6 47. Nd4 Qc4+ 48. Kg1 Qd5 49. f3 Bd7 50. Rbd1 Qf7 51. Rb2 Nc3 52. Rdd2 Nd5 53. Nxb5 Bxb5 54. Rxb5 Nf4 55. Rb4 Ne6 56. Rg4 Ra8 57. Kh2 Rd8 58. f4 h5 59. Rg3 Qxf4 0-1

[Event "Early-Titled-Tuesday-Blitz-February-27-2024"]
[Site "Chess.com"]
[Date "2024.02.27"]
[Round "7"]
[White "NewBornNow"]
[Black "PabloZarnicki"]
[Result "1-0"]
[WhiteElo "2871"]
[BlackElo "2639"]
[TimeControl "180+1"]
[EndTime "9:17:36 PST"]
[Termination "NewBornNow won on time"]

1. e4 e6 2. d4 d5 3. Nc3 Nc6 4. Nf3 Nf6 5. Bg5 Be7 6. Bxf6 Bxf6 7. e5 Be7 8. Bb5 Bd7 9. O-O O-O 10. Re1 a6 11.
Bxc6 Bxc6 12. Qd3 Bd7 13. a4 c5 14. Ne2 cxd4 15. Nexd4 Rc8 16. c3 Qb6 17. b4 Rc4 18. Nd2 Rc7 19. a5 Qa7 20. Re3 Rfc8 21. Rh3 g6 22.
Ra3 b6 23. axb6 Qxb6 24. Rxa6 Qb8 25. Ra3 Ra7 26. Rxa7 Qxa7 27. Re3 Qa1+ 28. Qf1 Qb2 29. Nb1 Bg5 30. Re2 Qa1 31. Nb3 Qa7 32. Nd4 Bd8 33. Rd2 Bb6 34. Qd1 Ba4 35. Qe1 Kg7 36. h4 h5 37. Ra2 Qd7 38. Qe3 Ba7 39. Nd2 Kg8 40. N2f3 Bd1 41. Qh6 Bxf3 42. Nxf3 Rxc3 43. Ng5 Rc1+ 44.
Kh2 Qc7 45. Qh7+ Kf8 46. Qh8+ Ke7 47. Qf6+ Ke8 48. Nxe6 fxe6 49. Qxe6+ Kd8 50. Qg8+ Kd7 51. Rxa7 Ke7 52. Qg7+ Ke6 53. Rxc7 Rxc7 54. Qf6+ Kd7 55. Qd6+ Kc8 56. e6 Kb7 57. e7 Rc8 58. Qxd5+ Kc7 59. Qc5+ Kd7 60. Qxc8+ 1-0

[Event "Early-Titled-Tuesday-Blitz-February-27-2024"]
[Site "Chess.com"]
[Date "2024.02.27"]
[Round "7"]
[White "publicaccountcze"]
[Black "aljado"]
[Result "1/2-1/2"]
[WhiteElo "2235"]
[BlackElo "2053"]
[TimeControl "180+1"]
[EndTime "9:17:38 PST"]
[Termination "Game drawn by repetition"]

1. e4 c5 2. Nc3 e6 3. f4 d5 4. Nf3 Nc6 5. d3 Nf6 6. g3 Be7 7. Bg2 O-O 8. O-O Rb8 9. a4 a6 10. h3 b5 11. axb5 axb5 12. e5 Nd7 13. g4 b4 14. Ne2 Bb7 15. Ng3 Ra8 16. Bd2 Rxa1 17. Qxa1 Qb6 18. c3 Ra8 19. Qb1 bxc3 20. bxc3 Qxb1 21. Rxb1 Ba6 22. Bf1 g6 23. Ra1 Bb7 24.
Rxa8+ Bxa8 25. c4 dxc4 26. dxc4 Nb6 27. Be3 Na5 28. Nd2 Kf8 29. Nge4 Bxe4 30. Nxe4 Nbxc4 31. Bxc5 Bxc5+ 32. Nxc5 Nd2 33. Bb5 Nab3 34. Nxb3 Nxb3 35.
Kf2 Ke7 36. Ke3 Nc5 37. Kd4 Nd7 38. Ke4 Nc5+ 39. Kd4 Nd7 40. Bxd7 Kxd7 41. Kc5 Kc7 42. g5 Kd7 43. Kb6 Kc8 44. Kc6 Kd8 45. Kd6 Ke8 46. Kc7 Ke7 47. Kc6 Ke8 48. Kd6 Kd8 49. Kc6 Kc8 50. Kb6 Kb8 51. Kc6 Kc8 52. Kd6 Kd8 53.
h4 Ke8 54. Kc7 Ke7 55. Kc8 Ke8 56. Kb7 Kd7 57. Kb6 Kd8 58. Kc6 Kc8 59. Kd6 Kd8 60. Kc6 Kc8 61. Kb6 Kb8 62. Ka6 Ka8 63. Kb6 Kb8 64. Kc6 Kc8 1/2-1/2

[Event "Early-Titled-Tuesday-Blitz-February-27-2024"]
[Site "Chess.com"]
[Date "2024.02.27"]
[Round "7"]
[White "chessamical"]
[Black "javirec"]
[Result "1-0"]
[WhiteElo "2170"]
[BlackElo "2263"]
[TimeControl "180+1"]
[EndTime "9:17:40 PST"]
[Termination "chessamical won by resignation"]

1. d4 Nf6 2. Bg5 e6 3. e4 d5 4. e5 h6 5. Be3 Nfd7 6. f4 c5 7. Nf3 Nc6 8. Nc3 cxd4 9. Nxd4 Bc5 10. Nce2 Qb6 11. Rb1 a5 12. c3 a4 13. b4 axb3 14.
axb3 Qd8 15. Qd2 O-O 16. b4 Bb6 17. Nb5 Bxe3 18. Qxe3 Qb6 19. Qxb6 Nxb6 20. Ned4 Nxd4 21. cxd4 Bd7 22. Nd6 Ra2 23. Nxb7 Ba4 24. Nc5 Bc2 25. Rc1 Bh7 26. Be2 Rfa8 27. Kf2 Rd2 28. Rhd1 Raa2 29.
Rxd2 Rxd2 30. Ke3 Rb2 31. b5 g5 32. g3 Kg7 33. h4 Ra2 34. hxg5 hxg5 35. fxg5 Ra3+ 36.
Bd3 Nc4+ 37. Ke2 Ra2+ 38. Kf3 Ra3 39. Ke2 Ra2+ 40. Kf3 Bxd3 41. Nxd3 Rd2 42. Nf4 Rxd4 43. b6 Nxb6 44. Rc7 Kf8 45. g6 Re4 46. Rxf7+ Ke8 47.
Nxe6 Rxe5 48. Nc7+ Kd8 49. g7 Rg5 50. Kf4 Rg6 51.
Kf5 Rxg3 52. Ne6+ Ke8 53. Rf8+ Ke7 54. g8=Q Rxg8 55. Rxg8 Nd7 56. Rg7+ Kd6 57. Nd8 Nc5 58. Nb7+ Nxb7 59. Rxb7 Kc6 60. Rb1 Kc5 61. Ke5 Kc4 62. Rc1+ Kd3 63. Kxd5 Kd2 64. Rc4 1-0

[Event "Early-Titled-Tuesday-Blitz-February-27-2024"]
[Site "Chess.com"]
[Date "2024.02.27"]
[Round "7"]
[White "djano"]
[Black "Atousa"]
[Result "1/2-1/2"]
[WhiteElo "2610"]
[BlackElo "2476"]
[TimeControl "180+1"]
[EndTime "9:17:41 PST"]
[Termination "Game drawn by agreement"]

1. e4 c5 2. Nc3 e6 3. f4 a6 4. Nf3 b5 5. d4 cxd4 6. Nxd4 Bb7 7. Bd3 Nc6 8. Nxc6 Bxc6 9. Qe2 Qc7 10. O-O b4 11.
Nd1 Nf6 12. Kh1 Bc5 13. e5 Nd5 14. Nf2 Bxf2 15. Rxf2 d6 16. exd6 Qxd6 17. f5 e5 18. Bxa6 O-O 19. Bd3 Nf4 20. Bxf4 exf4 21. Qg4 b3 22.
Qxf4 Qxf4 23. Rxf4 Rxa2 24. Rb1 bxc2 25. Bxc2 Rb8 26. Rc4 Ba8 27. Bb3 Ra7 28. Rbc1 Kf8 29. Rc8+ Rxc8 30. Rxc8+ Ke7 31. h3 Be4 32. Rc5 Kf6 33. Bc4 Bxf5 34. b4 Rb7 35. b5 Be6 36. Be2 Ke7 37. Bf3 Rb8 38. Rc7+ Kd6 39. Rc6+ Kd7 40.
Ra6 Kc7 41. Bc6 Rb6 42. Ra7+ Kd6 43. Kh2 Kc5 44. Rc7 Kb4 45. g4 h6 46. Kg3 Rb8 47. Kf4 Ka5 48. Ke5 Kb6 49. Re7 Rd8 50. Rb7+ Kc5 51.
Kf4 Rd4+ 52. Kg3 Rb4 53. Kh2 Bc4 54. Kg3 Rb3+ 55. Kh2 Rb2+ 56. Kg1 Rb3 57. Kg2 Rb2+ 58. Kg3 Rb3+ 59. Kh2 Bf1 60. Rxf7 Rxh3+ 61. Kg1 Bxb5 62.
Bxb5 Kxb5 63. Rxg7 Kc6 64. Kg2 Rh4 65. Kg3 Rh1 66. Kg2 Rh4 67. Rg6+ Kd5 68. Kg3 Rh1 69. g5 hxg5 70. Rxg5+ Ke6 1/2-1/2

[Event "Early-Titled-Tuesday-Blitz-February-27-2024"]
[Site "Chess.com"]
[Date "2024.02.27"]
[Round "7"]
[White "InitiatingASC"]
[Black "JulbeNn"]
[Result "1/2-1/2"]
[WhiteElo "2362"]
[BlackElo "2521"]
[TimeControl "180+1"]
[EndTime "9:17:41 PST"]
[Termination "Game drawn by repetition"]

1. d4 Nf6 2. Bf4 c5 3. e3 cxd4 4. exd4 d5 5. Nf3 Nc6 6. c3 e6 7. Bd3 Bd6 8. Ne5 Bxe5 9. dxe5 Nd7 10. Qe2 Qc7 11. Nd2 Ndxe5 12. Bb5 f6 13. Qh5+ Qf7 14. Qe2 O-O 15. O-O-O a6 16. Ba4 b5 17. Bc2 b4 18.
Nf3 bxc3 19. Nxe5 cxb2+ 20. Kb1 fxe5 21. Bxe5 Nxe5 22. Qxe5 Qf6 23. Qh5 g6 24. Qh6 Bd7 25.
h4 Qf4 26. Qxf4 Rxf4 27. f3 Rb8 28. h5 Be8 29. Rde1 Bf7 30. hxg6 hxg6 31. Rh6 Kg7 32. Reh1 e5 33. Rh7+ Kf6 34. R1h6 a5 35. Rh8 Rxh8 36.
Rxh8 e4 37. fxe4 dxe4 38. Kxb2 e3 39. Kc3 Rc4+ 40. Kd3 e2 41. Rh1 Rc7 42. Bb1 Bc4+ 43. Kd2 Bb5 44. Bd3 Rd7 45. Kxe2 Rxd3 46. Kf2 Rd2+ 47.
Kg3 Rxa2 48. Rd1 Kg5 49. Rd5+ Kh6 50. Rxb5 a4 51. Ra5 a3 52. Ra8 Ra1 53. Kh2 Kg5 54. Ra4 Kf5 55. Kg3 Ke5 56. Kg4 Kd5 57. Kg5 Kc5 58.
Kxg6 Kb5 59. Ra8 Kb4 60. g4 Rg1 61. g5 Kb3 62. Kf6 a2 63. g6 Rg4 64. g7 Rxg7 65.
Kxg7 Kb2 66. Rb8+ Kc2 67. Rc8+ Kb2 68. Rb8+ Kc2 69. Ra8 Kb2 70. Rb8+ 1/2-1/2

[Event "Early-Titled-Tuesday-Blitz-February-27-2024"]
[Site "Chess.com"]
[Date "2024.02.27"]
[Round "7"]
[White "Honiex"]
[Black "PavelShkapenko"]
[Result "1/2-1/2"]
[WhiteElo "2567"]
[BlackElo "2755"]
[TimeControl "180+1"]
[EndTime "9:17:42 PST"]
[Termination "Game drawn - insufficient material"]

1. Nc3 d5 2. e4 dxe4 3. Nxe4 Nd7 4. Bc4 Ngf6 5. Bxf7+ Kxf7 6. Ng5+ Kg8 7. Ne6 Qe8 8. Nxc7 Qg6 9. Nxa8 Qxg2 10. Qf3 Qxf3 11. Nxf3 e5 12. d3 Bd6 13. Ng5 b6 14. Ne4 Nxe4 15. dxe4 Bb7 16. Nxb6 axb6 17. f3 Kf7 18.
Be3 Ke6 19. c4 Bc5 20. Ke2 Nb8 21. a3 Nc6 22. b4 Bxe3 23. Kxe3 Nd4 24. Rac1 Rf8 25.
Rhf1 g5 26. c5 b5 27. Rcd1 Bc6 28. Rd2 Ra8 29. Rd3 h6 30. h4 gxh4 31. Rd2 Rf8 32.
Rh2 Rf4 33. Rff2 Kf6 34. Rh3 Bd7 35. Rhh2 h3 36. Rf1 Kg5 37. Rhf2 Kf6 38. Rg1 Kf7 39.
Rgf1 Be6 40. Rg1 h5 41. Rg5 Rh4 42. Rxe5 h2 43. Rxh2 Rxh2 44. Kxd4 h4 45. c6 Rc2 46. Rxb5 h3 47. Rh5 Rxc6 48. b5 Rc4+ 49. Kd3 Ra4 50. f4 Rxa3+ 51. Kd4 Ra4+ 52. Ke5 Bg4 53. Rh4 Bd7 54.
f5 Bxb5 55. Rxh3 Bc6 56. Rh4 Kg7 57. Rf4 Kf7 58. Rg4 Ra5+ 59. Kd6 Bxe4 60. Rxe4 Rxf5 61. Rd4 Rf6+ 62. Ke5 Re6+ 63. Kd5 Re7 64. Re4 Rxe4 65. Kxe4 1/2-1/2

[Event "Early-Titled-Tuesday-Blitz-February-27-2024"]
[Site "Chess.com"]
[Date "2024.02.27"]
[Round "7"]
[White "bazar-wokzal"]
[Black "EsmeraldasAnderson03"]
[Result "0-1"]
[WhiteElo "2650"]
[BlackElo "2505"]
[TimeControl "180+1"]
[EndTime "9:17:46 PST"]
[Termination "EsmeraldasAnderson03 won by resignation"]

1. e4 c5 2. c3 Nf6 3. e5 Nd5 4. d4 cxd4 5. cxd4 Nc6 6. Nc3 Nxc3 7. bxc3 d6 8. f4 dxe5 9. fxe5 Bf5 10. Nf3 e6 11.
Bd3 Bxd3 12. Qxd3 Be7 13. O-O O-O 14. a4 Rc8 15. Ra2 Qa5 16. Bg5 h6 17. Bxe7 Nxe7 18.
c4 Qb4 19. Rc1 Rfd8 20. Qa3 Nc6 21. Qxb4 Nxb4 22. Rd2 Rc7 23. Rdd1 Rdc8 24. Nd2 b6 25. Kf2 Nd3+ 26. Ke3 Nxc1 27. Rxc1 f5 28. exf6 gxf6 29. Kd3 Kg7 30. Re1 Rc6 31. Re3 Kf7 32. Rh3 Rg8 33.
Rxh6 Rxg2 34. Ne4 f5 35. Nd2 Rc8 36. Nf3 Rcg8 37. Ne5+ Ke7 38. Rh7+ R8g7 39. Rh8 Ra2 40. c5 bxc5 41. dxc5 Kf6 42. Nc4 Rg1 43. c6 Rd1+ 44. Kc3 Rc1+ 45. Kb3 Rac2 46. Na5 Rc5 47. Kb4 f4 48.
Rf8+ Ke5 49. h4 Ke4 50. h5 Rxh5 51. Nc4 Rh7 52. Re8 Kd5 53. Rd8+ Kxc6 54. Rd6+ Kc7 55. Rxe6 Rf7 56. Ne5 Rf5 57. Nd3 Rd1 58. Kc3 f3 59.
Re7+ Kb6 60. Re6+ Ka5 61. Nb2 Rc1+ 62. Kd2 Rc7 63. Nd1 f2 64. Nxf2 Rxf2+ 65. Ke3 Rf5 66. Re7 Rxe7+ 0-1

[Event "Early-Titled-Tuesday-Blitz-February-27-2024"]
[Site "Chess.com"]
[Date "2024.02.27"]
[Round "7"]
[White "NastyaHn"]
[Black "rhwr"]
[Result "1/2-1/2"]
[WhiteElo "2452"]
[BlackElo "2296"]
[TimeControl "180+1"]
[EndTime "9:17:47 PST"]
[Termination "Game drawn by repetition"]

1. Nc3 d5 2. e4 d4 3. Nce2 e5 4.
Ng3 Nc6 5. Nf3 a6 6. Bc4 Be7 7. d3 Nf6 8. a4 O-O 9. O-O Rb8 10. Qe2 b5 11. axb5 axb5 12. Bb3 Bg4 13. h3 Bxf3 14.
Qxf3 g6 15. Qe2 Bd6 16. Bg5 Kg7 17. h4 h6 18. Bd2 Qd7 19. Qf3 Qg4 20. Qxg4 Nxg4 21.
h5 Ne7 22. Ra6 g5 23. Rfa1 f5 24. exf5 Nxf5 25. Ne4 Nf6 26. Nxd6 Nxd6 27. Bb4 Rfd8 28. Bxd6 Rxd6 29. Rxd6 cxd6 30. Ra7+ Kh8 31. Bf7 Rd8 32. f3 Rd7 33. Ra8+ Kg7 34. Bg6 Rb7 35. Rd8 Rb6 36.
g4 b4 37. b3 Ra6 38. Rc8 Ra7 39.
Be4 Nxe4 40. dxe4 Rf7 41. Kf2 Ra7 42. Ke2 Kf6 43. Rd8 Ra6 44. Rh8 Kg7 45. Rb8 Rc6 46. Kd2 Rc3 47. Rxb4 Rxf3 48. Rb7+ Kf6 49. Rh7 Rf2+ 50.
Kd3 Rf3+ 51. Kc4 Rc3+ 52. Kd5 Rxc2 53. Rxh6+ Ke7 54. Rh7+ Kf6 55. Kxd6 d3 56. Rh6+ Kg7 57. Rg6+ Kh7 58. Ke7 Rc7+ 59. Kd8 Rb7 60. Rd6 Rxb3 61. Ke7 Rb4 62. Rxd3 Rxe4 63. Rg3 Rf4 64. Ke6 e4 65. Ke5 Rf3 66. Rg1 e3 67. Ke4 Rf4+ 68. Kxe3 Kh6 69. Rg3 Kg7 70. Rg1 Kh6 71. Rg3 Kg7 72. Rg1 Kh6 1/2-1/2